Unix NetHack Version 5.0.0-0 post-release - last build May 23 2026 06:08:33 (1c0ff79ee797540d5714e4e18072db0edd9e58ae,branch:main).

Game began 2026-05-23 07:06:45, ended 2026-05-23 07:56:50.

Eymerich, chaotic male elven Priest

              --
              .|
             |.|
        ------.--------
         ..  .........
        --.---.--.--.---
        |...........(..---     -
        |...o....).......| ---.--
         -.[@..f.........--.....---
         |[......[*...............|
         --......)................--
          ---....---...............-----
            |....| ---..<..............|
            |....|   --.--.........--- -
            |....|    --- -.|......|
            --.---         ----.----
             ---               --
Eymerich the Acolyte         St:12 Dx:11 Co:15 In:11 Wi:18 Ch:11  Chaotic
Dlvl:5  $:159 HP:0(35) Pw:42(59) AC:5  Xp:5 T:2886  Burdened

Latest messages:
 In what direction?
 The stout spear misses the Mordor orc.
 The Mordor orc wields a curved sword!
 The housecat bites the Mordor orc.
 The Mordor orc swings her curved sword at the housecat.
 The Mordor orc hits the housecat.
 The housecat misses the Mordor orc.
 The housecat bites the Mordor orc.
 The Mordor orc is killed!
 What do you want to write with? [- ackmns-uwB-DFKOU-WZ or ?*]
 You write in the dust with a white gem.
 Never mind.
 #
 What do you want to name? [a-km-oq-zA-FI-PS-Z or ?*]
 What do you want to write with? [- ackmns-uwB-DFKOU-WZ or ?*]
 You write in the dust with a yellow gem.
 Never mind.
 #
 What do you want to name? [a-km-oq-zA-FI-PS-Z or ?*]
 What do you want to write with? [- ackmns-uwB-DFKOU-WZ or ?*]
 You write in the dust with a yellow gem.
 Never mind.
 #
 What do you want to name? [a-km-oq-zA-FI-PS-Z or ?*]
 What do you want to write with? [- ackmns-uwB-DFKOU-WZ or ?*]
 You write in the dust with a yellowish brown gem.
 Never mind.
 #
 What do you want to name? [a-km-oq-zA-FI-PS-Z or ?*]
 You have a little trouble lifting R - a knife.
 l - a curved sword.
 p - an iron skull cap.
 You have trouble lifting a crude chain mail.  Continue? [ynq] (q)
 The Mordor orc picks up a curved sword.
 You miss the Mordor orc.
 The Mordor orc wields a curved sword!
 You miss the Mordor orc.
 The Mordor orc swings her curved sword.
 The Mordor orc hits!
 You hit the Mordor orc!
 You hit the Mordor orc!
 The Mordor orc swings her curved sword.
 The Mordor orc hits!
 You hit the Mordor orc.
 The Mordor orc swings her curved sword.
 The Mordor orc hits!
 You die...
 Do you want your possessions identified? [ynq] (y)
 Do you want to see your attributes? [ynq] (y)
 Do you want an account of creatures vanquished? [ynaq] (y)

Inventory:
 Coins    ('$')
  $ - 159 gold pieces
 Weapons  (')')
  m - 31 +0 arrows
  Z - 3 cursed -1 crossbow bolts
  C - a +0 crossbow
  u - 16 +0 darts
  c - 2 +0 daggers (at the ready)
  R - a +0 knife
  k - a blessed +1 orcish dagger
  B - a +0 orcish dagger
  F - a +0 orcish spear
  D - a +0 dwarvish short sword
  a - a blessed +1 mace (weapon in right hand)
  l - a +0 scimitar
 Armor    ('[')
  o - a blessed +1 dwarvish iron helm (being worn)
  p - a +0 orcish helm
  y - a +0 pair of iron shoes (being worn)
  q - a +0 dwarvish cloak
  z - a +0 dwarvish cloak
  S - a +0 dwarvish cloak (being worn)
  b - a +0 robe
 Comestibles  ('%')
  e - a clove of garlic
  M - 2 food rations
  f - a sprig of wolfsbane
 Scrolls  ('?')
  E - a scroll of identify
  A - a blessed scroll of teleportation
  X - a scroll of teleportation
 Spellbooks  ('+')
  I - a spellbook of detect food
  g - a spellbook of healing
  h - a spellbook of light
 Potions  ('!')
  P - a potion of confusion
  v - 2 cursed potions of extra healing
  L - a potion of hallucination
  x - a cursed potion of levitation
  d - 4 potions of holy water
  Y - a potion of water
 Rings    ('=')
  O - a ring of conflict
  W - a ring of sustain ability
 Tools    ('(')
  j - a bell
  r - a cursed blindfold
  J - a leash
  i - an oil lamp
  N - an oil lamp
  T - a +0 pick-axe (alternate weapon; not wielded)
 Gems/Stones  ('*')
  s - a citrine stone named soft
  K - a worthless piece of violet glass named soft
  U - a worthless piece of white glass named soft
  t - a worthless piece of yellow glass named soft
  n - a worthless piece of yellowish brown glass named soft
  w - 2 flint stones
  V - 2 rocks

Eymerich the Priest's attributes:

Background:
 You were an Acolyte, a level 5 elven Priest.
 You were chaotic, on a mission for Mars
 who was opposed by Mercury (lawful) and Venus (neutral).
 You were right-handed.
 You were in the Gnomish Mines, on level 5.
 You entered the dungeon 2886 turns ago.
 You had 259 experience points, 61 more were needed to attain level 6.

Basics:
 You had 0 out of 35 hit points.
 You had 42 out of 59 energy points (spell power).
 Your armor class was 5.
 Your wallet contained 159 zorkmids.
 Autopickup was off.

Final Characteristics:
 Your strength was 12 (limit:18).
 Your dexterity was 11 (limit:18).
 Your constitution was 15 (limit:16).
 Your intelligence was 11 (limit:20).
 Your wisdom was 18 (limit:20).
 Your charisma was 11 (limit:18).

Final Status:
 You weren't hungry.
 You were burdened; movement was slightly slowed.
 You were wielding a mace.
 You had basic skill with mace.

Final Attributes:
 You were piously aligned.
 Your items were somewhat protected from fire.
 Your items were somewhat protected from cold.
 You were sleep resistant.
 You were poison resistant.
 You had infravision.
 You were warded.
 You are dead.

Miscellaneous:
 You didn't encounter any bones levels.
 Total elapsed playing time was 50 minutes and 2 seconds.

Major events:
 Turn
    1: Eymerich the chaotic elven Priest entered the dungeon
  922: attained the rank of Acolyte (level 3)
 2707: entered the Gnomish Mines
 2886: killed by a Mordor orc

Spells:
 Name                 Level Category     Fail Retention
 healing                1   healing        4%  76%-100%
 light                  1   clerical      22%   81%-90%

Skills:
 Fighting Skills
   bare handed combat [Unskilled]
 Weapon Skills
   club               [Unskilled]
   mace               [Basic]
   morning star       [Unskilled]
   flail              [Unskilled]
   hammer             [Unskilled]
   quarterstaff       [Unskilled]
   polearms           [Unskilled]
   spear              [Unskilled]
   trident            [Unskilled]
   lance              [Unskilled]
   bow                [Unskilled]
   sling              [Unskilled]
   crossbow           [Unskilled]
   dart               [Unskilled]
   shuriken           [Unskilled]
   boomerang          [Unskilled]
   unicorn horn       [Unskilled]
 Spellcasting Skills
   healing spells     [Unskilled]
   divination spells  [Unskilled]
   clerical spells    [Basic]

Voluntary challenges:
 Character rerolling was not enabled.
 You were illiterate.
 You never genocided any monsters.
 You never polymorphed an object.
 You never changed form.
 You used no wishes.
Achievements:
 You attained the rank of Acolyte.
 You entered the Gnomish Mines.

 The Dungeons of Doom: levels 1 to 5
    Level 1:
       An altar to Mars, a sink.
    Level 2:
       A grave.
    Level 3:
    Level 4: "vault"
       Stairs down to The Gnomish Mines.
    Level 5:
 The Gnomish Mines:
    Level 5: <- You were here.
       Final resting place for
          you, killed by a Mordor orc.


Vanquished creatures:
  a leprechaun
  3 Mordor orcs
  3 fog clouds
  a shrieker
  2 gnome leaders
  a gnomish wizard
  2 gray oozes
  a giant ant
  3 dwarves
  a kobold leader
  a werejackal
  2 acid blobs
  a hobbit
  3 manes
  2 cave spiders
  2 brown molds
  2 yellow molds
  a green mold
  4 gnomes
  2 geckos
  3 jackals
  2 kobolds
  4 goblins
  a sewer rat
  7 grid bugs
  4 bats
  4 lichens
  3 newts
66 creatures vanquished.

No species were genocided or became extinct.

Game over:
                       ----------
                      /          \
                     /    REST    \
                    /      IN      \
                   /     PEACE      \
                  /                  \
                  |     Eymerich     |
                  |      159 Au      |
                  |   killed by a    |
                  |    Mordor orc    |
                  |                  |
                  |                  |
                  |       2026       |
                 *|     *  *  *      | *
        _________)/\\_//(\/(/\)/\//\/|_)_______

Goodbye Eymerich the Priest...

You died in The Gnomish Mines on dungeon level 5 with 1380 points,
and 159 pieces of gold, after 2886 moves.
You were level 5 with a maximum of 35 hit points when you died.

